[Event "Titled Tuesday Blitz May 16 Late 2023"]
[White "De La Colina, Nicolas"]
[Black "cristianserban1"]
[WhiteFideId "30946921"]
[WhiteElo "2046"]
[BlackElo "2521"]
[Result "1-0"]
[Round "09"]
[TimeControl "180+2"]
[Date "2023.05.16"]
[WhiteClock "0:00:03"]
[BlackClock "0:00:30"]

1. Nf3 d5 2. e3 Nf6 3. c4 e6 4. Nc3 c5 5. cxd5 exd5 6. d4 Nc6 7. Be2 cxd4 8. Nxd4 Bb4 9. O-O Bxc3 10. bxc3 O-O 11. Nxc6 bxc6 12. c4 Ba6 13. Bb2 Bxc4 14. Bxc4 dxc4 15. Qxd8 Rfxd8 16. Bxf6 gxf6 17. Rfc1 Rd2 18. Rxc4 Rb8 19. g3 Rbb2 20. Rf4 Rxa2 21. Rxa2 Rxa2 22. Rxf6 Rc2 23. Rf5 c5 24. Rf6 a5 25. Ra6 Ra2 26. Kg2 a4 27. Kf3 a3 28. Ra4 Kf8 29. Rc4 Ke7 30. Rxc5 Kd6 31. Rh5 Ra1 32. Rxh7 a2 33. Rh6+ Kc5 34. Ra6 Kb4 35. Ra7 Kb3 36. Rxf7 Rh1 37. Rb7+ Kc4 38. Ra7 a1=Q 39. Rxa1 Rxa1 40. h4 Kd5 41. Kf4 Ke6 42. e4 Kf6 43. f3 Ra4 44. Kg4 Kg6 45. h5+ Kh6 46. Kh4 Ra1 47. g4 Rh1+ 48. Kg3 Rg1+ 49. Kf4 Kg7 50. Kf5 Kf7 51. f4 Rh1 52. e5 Ke7 53. Kg5 Ke6 54. h6 Kf7 55. f5 Rh2 56. e6+ Ke7 57. Kg6 Kf8 58. g5 Kg8 59. e7 Re2 60. f6 Re6 61. h7+ Kh8 62. Kf7 1-0


[Site "https://www.chess.com"]

[Event "Titled Tuesday Blitz May 16 Late 2023"]
[White "Gritsenko, Nikolai"]
[Black "Karas, Marek"]
[WhiteFideId "14112493"]
[BlackFideId "14928558"]
[WhiteElo "2389"]
[BlackElo "2233"]
[Result "1-0"]
[Round "09"]
[TimeControl "180+2"]
[Date "2023.05.16"]
[WhiteClock "0:00:08"]
[BlackClock "0:00:00"]

1. b3 d5 2. Bb2 Bg4 3. Nf3 Bxf3 4. gxf3 Nf6 5. e3 Nbd7 6. c4 c6 7. Nc3 e6 8. f4 g6 9. d4 Bg7 10. Bg2 Qe7 11. O-O O-O 12. a3 Rfd8 13. Qe2 Ne8 14. Rfd1 Nd6 15. a4 Nf5 16. a5 Qh4 17. a6 b6 18. cxd5 exd5 19. Rac1 Nf6 20. Qf3 Rac8 21. Ne2 Ne4 22. Ng3 Nfxg3 23. hxg3 Qe7 24. Qe2 Re8 25. Rc2 Qb4 26. Qd3 Bf8 27. Rdc1 Re6 28. Bxe4 dxe4 29. Qc4 Qxc4 30. bxc4 c5 31. d5 Ree8 32. Be5 Rcd8 33. Kg2 Bg7 34. Bxg7 Kxg7 35. Rb1 Rd6 36. g4 h6 37. Kg3 Red8 38. f3 Re8 39. fxe4 Rxe4 40. Kf3 f5 41. Rg1 Kh7 42. Rh2 Re7 43. Rgh1 fxg4+ 44. Kxg4 h5+ 45. Kf3 b5 46. e4 bxc4 47. Rc1 Rf6 48. Ke3 Rd6 49. Kf3 Rf6 50. Ke3 Rd6 51. Rd2 Rxa6 52. Rxc4 Ra3+ 53. Rd3 Ra1 54. d6 Rd7 55. e5 Re1+ 56. Kd2 Rf1 57. e6 Rd8 58. e7 Re8 59. d7 Rxe7 60. d8=Q Rf2+ 61. Kc3 1-0


[Site "https://www.chess.com"]

[Event "Titled Tuesday Blitz May 16 Late 2023"]
[White "Ismayil, Malak"]
[Black "MKlose11"]
[WhiteFideId "13412604"]
[WhiteElo "1868"]
[BlackElo "2658"]
[Result "0-1"]
[Round "09"]
[TimeControl "180+2"]
[Date "2023.05.16"]
[WhiteClock "0:02:39"]
[BlackClock "0:02:51"]

1. e4 e6 2. d4 d5 3. Nd2 Be7 4. Bd3 c5 5. dxc5 Nf6 6. exd5 exd5 7. Ngf3 O-O 8. O-O Bxc5 9. Nb3 Bb6 10. h3 Nc6 11. Bg5 h6 12. Bh4 Qd6 13. Bg3 Qxg3 14. Nfd4 Qd6 0-1


[Site "https://www.chess.com"]

[Event "Titled Tuesday Blitz May 16 Late 2023"]
[White "Arabidze, Meri"]
[Black "Martic, Ivan"]
[WhiteFideId "13604040"]
[BlackFideId "929301"]
[WhiteElo "2405"]
[BlackElo "2360"]
[Result "0-1"]
[Round "09"]
[TimeControl "180+2"]
[Date "2023.05.16"]
[WhiteClock "0:00:00"]
[BlackClock "0:00:07"]

1. Nf3 d5 2. g3 Nf6 3. Bg2 c6 4. O-O Bg4 5. d3 Nbd7 6. Nbd2 e5 7. e4 dxe4 8. dxe4 Bc5 9. Qe1 O-O 10. h3 Bh5 11. Nh4 Re8 12. Nc4 b5 13. Ne3 Qb6 14. Kh2 Rad8 15. a4 a6 16. Bd2 Qb8 17. Nhf5 Nf8 18. axb5 axb5 19. Bb4 Ne6 20. Bxc5 Nxc5 21. Qb4 Qb6 22. Nc4 Na6 23. Qa5 Qxa5 24. Nxa5 Nb8 25. Nb7 Rd2 26. g4 Bg6 27. Ra8 Rxc2 28. b4 h6 29. Nfd6 Rf8 30. Rd1 Nbd7 31. Rxf8+ Nxf8 32. Kg3 Ne6 33. Nf5 h5 34. Bf1 Nxe4+ 35. Kh4 Nxf2 36. Rd8+ Kh7 37. Nbd6 hxg4 38. hxg4 Nxg4 39. Kxg4 Rf2 40. Bd3 Rf4+ 41. Kg3 e4 42. Bxe4 Rxe4 43. Nxe4 Nxd8 44. Ned6 Ne6 45. Ne7 Nd4 46. Ne8 f6 47. Nc7 Bd3 48. Kf2 Bc4 49. Ke3 Ne6 50. Ne8 g5 51. Nxf6+ Kg7 52. Nd7 Kf7 53. Nf5 Nc7 54. Ne5+ Ke6 55. Ke4 Bd5+ 56. Kd4 Kxf5 57. Nd7 Ne6+ 58. Ke3 g4 59. Nb6 g3 60. Nc8 g2 61. Nd6+ Ke5 62. Nf7+ Kf6 0-1


[Site "https://www.chess.com"]

[Event "Titled Tuesday Blitz May 16 Late 2023"]
[White "Rosen, Eric"]
[Black "Petrovic, Aleksa"]
[WhiteFideId "2032562"]
[BlackFideId "967629"]
[WhiteElo "2331"]
[BlackElo "2309"]
[Result "1-0"]
[Round "09"]
[TimeControl "180+2"]
[Date "2023.05.16"]
[WhiteClock "0:00:03"]
[BlackClock "0:00:00"]

1. e4 d5 2. exd5 Qxd5 3. Nc3 Qe5+ 4. Be2 Bg4 5. d4 Bxe2 6. Ngxe2 Qa5 7. b4 Qf5 8. O-O Nf6 9. d5 g6 10. Bf4 Qd7 11. Qd3 Bg7 12. Qc4 c6 13. Rad1 O-O 14. d6 Re8 15. dxe7 Qxe7 16. Nd4 Nbd7 17. Nb3 Nb6 18. Qc5 Nfd5 19. Nxd5 Nxd5 20. Bd6 Qd7 21. Bg3 b6 22. Qc4 Qb7 23. b5 Ne7 24. Nd4 Rac8 25. bxc6 Nxc6 26. Nb5 Nd4 27. Qa4 Qc6 28. Rxd4 Bxd4 29. Qxd4 Qxb5 30. Bf4 Qc4 31. Qa1 Qc3 32. Qd1 Qxc2 33. Qd7 Qc6 34. Qd2 Qf6 35. Bg5 Qc3 36. Qd1 Qe5 37. h4 h6 38. Be3 Qf5 39. g3 Rcd8 40. Qc1 Qe4 41. Qb2 Rd7 42. Bxh6 Qe5 43. Qc1 1-0


[Site "https://www.chess.com"]

[Event "Titled Tuesday Blitz May 16 Late 2023"]
[White "Bogaudinov, Rushan"]
[Black "Fishbein, Alexander"]
[WhiteFideId "4129288"]
[BlackFideId "2000377"]
[WhiteElo "1941"]
[BlackElo "2415"]
[Result "1-0"]
[Round "09"]
[TimeControl "180+2"]
[Date "2023.05.16"]
[WhiteClock "0:00:08"]
[BlackClock "0:00:14"]

1. e4 c5 2. Nf3 d6 3. d4 cxd4 4. Nxd4 Nf6 5. Nc3 Nc6 6. Nb3 g6 7. Be2 Bg7 8. h4 h5 9. Bg5 Be6 10. Qd2 Ne5 11. Bb5+ Bd7 12. Qe2 Bxb5 13. Qxb5+ Qd7 14. Qxd7+ Kxd7 15. O-O-O Rhc8 16. f3 Ke8 17. Nd5 Nxd5 18. Rxd5 Rc7 19. Rhd1 Rac8 20. c3 Nc4 21. R5d3 b5 22. a3 a5 23. Nd2 b4 24. Nxc4 Rxc4 25. axb4 axb4 26. Bd2 bxc3 27. Bxc3 Bxc3 28. Rxc3 Rxc3+ 29. bxc3 Rxc3+ 30. Kd2 Ra3 31. Ke2 Ra2+ 32. Kf1 Kd7 33. Rb1 Ke6 34. Rb5 Ra4 35. Kf2 f5 36. exf5+ gxf5 37. Kg3 Kf6 38. Rb8 e5 39. Rh8 f4+ 40. Kf2 Ra2+ 41. Kf1 Kg6 42. Rg8+ Kf5 43. Rg5+ Ke6 44. Rxh5 Kd5 45. Rh8 Kd4 46. h5 Ra1+ 47. Kf2 Rh1 48. g4 d5 49. Kg2 Rh4 50. g5 e4 51. g6 e3 52. g7 e2 53. Re8 Rxh5 54. g8=Q 1-0


[Site "https://www.chess.com"]

[Event "Titled Tuesday Blitz May 16 Late 2023"]
[White "Moral Garcia, Serafin"]
[Black "Camilla_Lee"]
[WhiteFideId "2201925"]
[WhiteElo "2274"]
[BlackElo "2617"]
[Result "1-0"]
[Round "09"]
[TimeControl "180+2"]
[Date "2023.05.16"]
[WhiteClock "0:00:21"]
[BlackClock "0:00:00"]

1. c4 Nf6 2. Nc3 d5 3. cxd5 Nxd5 4. g3 g6 5. Bg2 Nxc3 6. bxc3 Bg7 7. Rb1 c6 8. Qb3 O-O 9. d3 a5 10. Be3 a4 11. Qc2 Qa5 12. Bd2 a3 13. c4 Qc7 14. Nf3 Bg4 15. Bc3 Bxf3 16. Bxf3 e5 17. O-O Nd7 18. Qd2 Rfe8 19. Qe3 f5 20. Rb3 f4 21. gxf4 exf4 22. Qd2 Nc5 23. Rb4 Rad8 24. Rfb1 Bxc3 25. Qxc3 Qe5 26. Qxe5 Rxe5 27. Kf1 Re7 28. Rc1 Red7 29. Rc3 Ra8 30. Ke1 Kf7 31. Kd2 Kf6 32. e3 g5 33. d4 Ne6 34. c5 h5 35. Kc2 g4 36. Be2 f3 37. Bc4 Ng5 38. Kd3 Kf5 39. Rc2 Ne4 40. Bb3 Nf6 41. Ra4 Rxa4 42. Bxa4 h4 43. Rc1 Ne4 44. Rf1 Re7 45. Bc2 Kg5 46. Bd1 Nf6 47. h3 gxh3 48. Bxf3 h2 49. Rh1 Nd5 50. Bxd5 cxd5 51. Rxh2 Kg4 52. Ke2 h3 53. Rh1 Rh7 54. f3+ Kg3 55. Rg1+ Kh2 56. Kf2 1-0


[Site "https://www.chess.com"]

[Event "Titled Tuesday Blitz May 16 Late 2023"]
[White "Mickiewicz, Piotr"]
[Black "Tisaj, Domen"]
[WhiteFideId "1114891"]
[BlackFideId "14628708"]
[WhiteElo "2246"]
[BlackElo "2340"]
[Result "1-0"]
[Round "09"]
[TimeControl "180+2"]
[Date "2023.05.16"]
[WhiteClock "0:00:32"]
[BlackClock "0:01:15"]

1. c4 Nf6 2. g3 g6 3. Bg2 Bg7 4. Nc3 d6 5. d4 Nbd7 6. e3 O-O 7. Nge2 e5 8. O-O Re8 9. a4 exd4 10. exd4 Nb6 11. a5 Nxc4 12. b3 Nxa5 13. Rxa5 c5 14. Ra2 Bg4 15. h3 Be6 16. Be3 Qb6 17. Rb2 Rad8 18. Nf4 Nd7 19. Nxe6 fxe6 20. dxc5 Qa5 21. b4 Qc7 22. Nb5 Qb8 23. Rd2 d5 24. Nd6 Rf8 25. f4 b6 26. Bd4 Bxd4+ 27. Rxd4 bxc5 28. bxc5 Nxc5 29. Rxd5 exd5 30. Qxd5+ Kg7 31. Qe5+ Rf6 32. Qe7+ Kh6 33. g4 Rd7 34. g5+ Kh5 35. Qe2+ Kh4 36. Qg4# 1-0


[Site "https://www.chess.com"]

[Event "Titled Tuesday Blitz May 16 Late 2023"]
[White "Harshavardhan G B"]
[Black "Ognean, Mihnea-Ionut"]
[WhiteFideId "25059009"]
[BlackFideId "1232347"]
[WhiteElo "2323"]
[BlackElo "2215"]
[Result "1-0"]
[Round "09"]
[TimeControl "180+2"]
[Date "2023.05.16"]
[WhiteClock "0:01:00"]
[BlackClock "0:00:06"]

1. Nf3 c5 2. c4 Nc6 3. Nc3 g6 4. h4 Nf6 5. e4 d6 6. d3 Bg7 7. Be2 Bg4 8. Nd5 Bxf3 9. Bxf3 e6 10. Nxf6+ Bxf6 11. h5 Nd4 12. a3 Qe7 13. Rb1 Rg8 14. hxg6 hxg6 15. b4 Bg5 16. bxc5 dxc5 17. Bxg5 Qxg5 18. Rxb7 Kf8 19. Qd2 Qf6 20. Rh7 Rd8 21. Qh6+ Ke8 22. Rhxf7 Qxf7 23. Rxf7 Kxf7 24. Qf4+ Ke8 25. Bd1 Ke7 26. Ba4 Rc8 27. Qg5+ Kd6 28. e5+ Kc7 29. Qe7+ Kb8 30. f4 Rc7 31. Qh4 Rb7 32. Kf2 Rb2+ 33. Kg1 Nf5 34. Qh7 Rg7 35. Qh8+ Kc7 36. Qe8 Nd4 37. Qf8 Rh7 38. Qxc5+ Kb7 39. Qxd4 Rb1+ 40. Kf2 Rhh1 41. Qd7+ Ka6 42. Bb5+ Ka5 1-0


[Site "https://www.chess.com"]

[Event "Titled Tuesday Blitz May 16 Late 2023"]
[White "Mirzoev, Azer"]
[Black "Ladan, Nicholas"]
[WhiteFideId "13400304"]
[BlackFideId "30918855"]
[WhiteElo "2525"]
[BlackElo "2167"]
[Result "1-0"]
[Round "09"]
[TimeControl "180+2"]
[Date "2023.05.16"]
[WhiteClock "0:01:36"]
[BlackClock "0:00:55"]

1. c4 Nf6 2. Nc3 e6 3. e4 d5 4. cxd5 exd5 5. e5 d4 6. exf6 dxc3 7. Qe2+ Be6 8. dxc3 Qxf6 9. Qb5+ Nd7 10. Qxb7 Rb8 11. Qxc7 Bc5 12. Nf3 O-O 13. Be2 Rfc8 14. Qg3 Ba3 15. Bg5 Qf5 16. bxa3 Qc2 17. O-O Qxe2 18. Bh6 g6 19. Nd4 Qe5 20. Bf4 Qd5 21. Bxb8 Rxb8 22. Nxe6 fxe6 23. Rad1 1-0


[Site "https://www.chess.com"]

[Event "Titled Tuesday Blitz May 16 Late 2023"]
[White "Liu, Eric"]
[Black "Chen, Ryo"]
[WhiteFideId "30960240"]
[BlackFideId "7003072"]
[WhiteElo "2094"]
[BlackElo "2169"]
[Result "0-1"]
[Round "09"]
[TimeControl "180+2"]
[Date "2023.05.16"]
[WhiteClock "0:00:03"]
[BlackClock "0:00:27"]

1. b3 Nf6 2. Bb2 g6 3. e3 Bg7 4. c4 O-O 5. Nf3 d6 6. d4 e5 7. dxe5 Nfd7 8. Nc3 Nxe5 9. Nxe5 Bxe5 10. Qd2 Nc6 11. Be2 Bf5 12. O-O Qh4 13. g3 Qd8 14. f4 Bg7 15. e4 Bh3 16. Rfe1 Nd4 17. Bd1 Re8 18. Nd5 c5 19. Bxd4 Bxd4+ 20. Kh1 Bxa1 21. b4 Bg7 22. bxc5 dxc5 23. Ba4 Rf8 24. e5 Be6 25. Rb1 b6 26. Bc6 Rc8 27. Bb7 Rb8 28. Bc6 Rc8 29. Bb5 Bf5 30. Rd1 Be4+ 31. Kg1 Bxd5 32. cxd5 c4 33. d6 Rc5 34. a4 Qc8 35. d7 Qd8 36. Qd6 c3 37. Rc1 Kh8 38. h4 Rg8 39. h5 Bf8 40. Qd3 Be7 41. hxg6 Rxg6 42. Kf2 Qf8 43. Qe4 f6 44. e6 Rh6 45. Bd3 f5 46. Qe3 Qf6 47. Kf3 Rh2 48. Rg1 Qg6 49. Qe1 Qg4+ 50. Ke3 c2 51. Bxc2 Rhxc2 52. Qa1+ Qg7 53. Qxg7+ Kxg7 54. Rd1 R5c3+ 55. Kd4 Bf6+ 56. Kd5 Rc5+ 57. Kd6 Rc6+ 58. Kd5 R2c5# 0-1


[Site "https://www.chess.com"]

[Event "Titled Tuesday Blitz May 16 Late 2023"]
[White "Korchmar, Vasiliy"]
[Black "Geivondian, Arman"]
[WhiteFideId "24131750"]
[BlackFideId "24102032"]
[WhiteElo "2370"]
[BlackElo "2278"]
[Result "0-1"]
[Round "09"]
[TimeControl "180+2"]
[Date "2023.05.16"]
[WhiteClock "0:00:00"]
[BlackClock "0:01:16"]

1. e4 c6 2. d4 d5 3. e5 Bf5 4. Nd2 e6 5. Nb3 Nd7 6. Nf3 h6 7. Be2 g5 8. O-O Bg7 9. Ne1 Ne7 10. f4 gxf4 11. Nd3 Qc7 12. Nxf4 O-O-O 13. Nh5 Rhg8 14. Nxg7 Rxg7 15. Bxh6 Rg6 16. Bd2 f6 17. Bb4 Rdg8 18. Bf3 fxe5 19. Bxe7 e4 20. Bh4 exf3 21. Bg3 fxg2 22. Rxf5 Rxg3 23. Rf7 Rh3 24. Kf2 g1=Q+ 25. Qxg1 Rxg1 26. Rxg1 Rxh2+ 27. Ke1 Qd6 28. Nc5 Nxc5 29. Rg8+ Qd8 30. Rxd8+ Kxd8 31. dxc5 Rxc2 32. Rxb7 Rxc5 33. Rxa7 Rb5 34. b3 Kc8 35. Re7 Ra5 36. a4 c5 37. Rxe6 Kd7 38. Rb6 Ra8 39. Kd2 Rh8 40. Kc3 Rh3+ 41. Kc2 Kc7 42. Rg6 Kb7 43. a5 Rh1 44. Rd6 d4 45. Kd3 Ra1 46. Rb6+ Kc7 47. Kc4 Rxa5 48. Rh6 Kd7 49. Rh7+ Kd6 50. Rh6+ Ke5 51. Rh5+ Ke4 52. Rh8 Ke3 53. Re8+ Kd2 54. b4 cxb4 55. Kxb4 Ra7 56. Rd8 d3 57. Kc4 Rc7+ 58. Kb3 Ke2 59. Re8+ Kd1 60. Rh8 d2 61. Kb2 Rb7+ 62. Kc3 Kc1 0-1


[Site "https://www.chess.com"]

[Event "Titled Tuesday Blitz May 16 Late 2023"]
[White "Tomaszewski, Kacper"]
[Black "chess123456s"]
[WhiteFideId "1127373"]
[WhiteElo "2211"]
[BlackElo "2599"]
[Result "1-0"]
[Round "09"]
[TimeControl "180+2"]
[Date "2023.05.16"]
[WhiteClock "0:00:08"]
[BlackClock "0:00:10"]

1. Nf3 d5 2. e3 Nf6 3. b3 Bg4 4. Bb2 e6 5. c4 c6 6. d3 Nbd7 7. Nbd2 Bd6 8. Be2 e5 9. cxd5 cxd5 10. e4 O-O 11. O-O Qe7 12. exd5 Nxd5 13. Re1 Ba3 14. Bxa3 Qxa3 15. Qc1 Qxc1 16. Raxc1 Rac8 17. Nc4 f6 18. h3 Be6 19. Nd6 Rxc1 20. Rxc1 b6 21. Kf1 Rd8 22. d4 exd4 23. Nxd4 Nc5 24. Nxe6 Nxe6 25. Rc8 Rxc8 26. Nxc8 Nc3 27. Bc4 Kf7 28. a4 Ne4 29. Ke2 Nc3+ 30. Kd3 Nd1 31. Ke2 Nc3+ 32. Kd2 Ne4+ 33. Ke3 f5 34. Nxa7 Kf6 35. Bxe6 Kxe6 36. Nc8 Nc5 37. Nxb6 Nxb3 38. Nc4 Kd5 39. Nd2 Na5 40. Nf3 h6 41. Kf4 Ke6 42. Nd4+ Kf6 43. Nxf5 g5+ 44. Ke4 h5 45. Ne3 Ke6 46. Nd5 Nc4 47. Nc7+ Kd6 48. Nb5+ Ke6 49. Nd4+ Kf6 50. Nc6 Ke6 51. a5 Kd6 52. Nd8 Ke7 53. Nc6+ Kd6 54. Nd8 Nxa5 55. Nf7+ Ke6 56. Nxg5+ Kf6 57. Nf3 Kg6 58. Kf4 Nc6 59. Kg3 Kf5 60. Nh4+ Kg5 61. f4+ Kh6 62. Nf5+ Kg6 63. Ne3 Nd4 64. Nf1 Kf5 65. Ne3+ Ke4 66. Nc4 Nf5+ 67. Kf2 Kxf4 68. Nb6 h4 69. Nd5+ Kg5 70. Ne3 Nd4 71. Ng4 Ne6 72. Ne3 Nf4 73. Ng4 Nd3+ 74. Kf3 Nc5 75. Ke3 Ne6 76. Ne5 Nf4 77. Nf7+ Kf5 78. Nh6+ Kg5 79. Nf7+ Kf5 80. Nd6+ Ke5 81. Nc4+ Kf5 82. Kf3 Ne6 83. Ne3+ Kg5 84. Nd5 Nd4+ 85. Ke4 Ne6 86. Ne3 Nf4 87. Kf3 Ne6 88. Nf1 Nd4+ 89. Kf2 Ne6 90. Nh2 Kf4 91. Nf3 Ng5 92. Nxg5 Kxg5 93. Ke3 Kf5 94. Kf3 Kg5 95. Ke4 Kg6 96. Kf4 Kh5 97. Kf5 Kh6 98. Kg4 1-0


[Site "https://www.chess.com"]

[Event "Titled Tuesday Blitz May 16 Late 2023"]
[White "Boor, Carl"]
[Black "Liu, Casper"]
[WhiteFideId "2017008"]
[BlackFideId "1454153"]
[WhiteElo "2330"]
[BlackElo "2221"]
[Result "0-1"]
[Round "09"]
[TimeControl "180+2"]
[Date "2023.05.16"]
[WhiteClock "0:00:00"]
[BlackClock "0:01:07"]

1. d4 Nf6 2. c4 g6 3. Nc3 d5 4. cxd5 Nxd5 5. e4 Nxc3 6. bxc3 Bg7 7. Nf3 c5 8. Bb5+ Nd7 9. O-O O-O 10. h4 cxd4 11. cxd4 Qa5 12. Qe2 Nf6 13. Bd2 Qd8 14. Qe3 a6 15. Bc4 b5 16. Bb3 Bb7 17. d5 Ng4 18. Qf4 Bxa1 19. Rxa1 h5 20. Bc3 Rc8 21. Bd4 Qc7 22. Qg5 Kh7 23. Qd2 a5 24. Ng5+ Kg8 25. g3 a4 26. Bd1 Nf6 27. Rb1 Qd7 28. Qf4 Rc4 29. Bxf6 exf6 30. Qxf6 b4 31. Bf3 Bc8 32. e5 Qf5 33. Qxf5 Bxf5 34. Rd1 b3 35. axb3 axb3 36. e6 b2 37. e7 Rc1 38. Nh7 Rb8 39. Nf6+ Kg7 40. e8=N+ Kh8 0-1


[Site "https://www.chess.com"]

[Event "Titled Tuesday Blitz May 16 Late 2023"]
[White "Lucas, Arthur"]
[Black "Spata, German"]
[WhiteFideId "26093073"]
[BlackFideId "113026"]
[WhiteElo "2251"]
[BlackElo "2260"]
[Result "1/2-1/2"]
[Round "09"]
[TimeControl "180+2"]
[Date "2023.05.16"]
[WhiteClock "0:00:04"]
[BlackClock "0:00:15"]

1. e4 e6 2. d4 d5 3. Nc3 Nf6 4. e5 Nfd7 5. f4 c5 6. Nf3 Nc6 7. Be3 cxd4 8. Nxd4 Bc5 9. Qd2 Bxd4 10. Bxd4 Nxd4 11. Qxd4 Qb6 12. Qxb6 Nxb6 13. Nb5 Ke7 14. Bd3 Bd7 15. Nd6 Bc6 16. O-O-O Nc8 17. Nxc8+ Raxc8 18. g4 f6 19. exf6+ gxf6 20. Rhe1 Kd6 21. g5 Rcg8 22. h4 Be8 23. f5 e5 24. Bc4 Bf7 25. Bxd5 Bxd5 26. c4 fxg5 27. Rxd5+ Kc6 28. hxg5 Rxg5 29. Rexe5 Rf8 30. Re6+ Kc7 31. f6 Rg6 32. Re7+ Kc6 33. Re6+ Kc7 34. Re7+ Kc6 35. f7 Rf6 36. Rdd7 h5 37. Kc2 h4 38. b4 Rf3 39. Rc7+ Kd6 40. Rcd7+ Kc6 41. b5+ Kc5 42. Rc7+ Kb4 43. Rxb7 h3 44. a3+ Kxc4 45. Rec7+ Kd5 46. Rd7+ Kc5 47. Rxa7 h2 48. Rac7+ Kxb5 49. Rd1 R8xf7 50. Rb1+ Ka6 51. Rxf7 Rxf7 52. Rh1 Rf2+ 53. Kd3 Ka5 54. Ke3 Ra2 55. Kf3 Ka4 56. Kg3 Kxa3 57. Rxh2 Rxh2 58. Kxh2 1/2-1/2


[Site "https://www.chess.com"]

[Event "Titled Tuesday Blitz May 16 Late 2023"]
[White "Shapiro, Viktor"]
[Black "Eugene, Floryan"]
[WhiteFideId "4175700"]
[BlackFideId "20694784"]
[WhiteElo "2152"]
[BlackElo "2369"]
[Result "1-0"]
[Round "09"]
[TimeControl "180+2"]
[Date "2023.05.16"]
[WhiteClock "0:00:06"]
[BlackClock "0:00:04"]

1. c4 b6 2. Nf3 Bb7 3. g3 e6 4. Bg2 Nf6 5. O-O Be7 6. d4 O-O 7. Nc3 d6 8. Qd3 Nbd7 9. b3 Re8 10. Bb2 Bf8 11. Rad1 Qc8 12. e4 c5 13. d5 exd5 14. exd5 a6 15. Rfe1 Qc7 16. a4 Rxe1+ 17. Rxe1 Re8 18. Rxe8 Nxe8 19. Ng5 Ndf6 20. Nce4 Be7 21. Nxf6+ Nxf6 22. Bxf6 Bxf6 23. Qxh7+ Kf8 24. Qh8+ Ke7 25. Ne4 Bd4 26. Qh4+ Kf8 27. Bh3 g6 28. Kg2 b5 29. axb5 axb5 30. Qf4 Be5 31. Qc1 bxc4 32. bxc4 Kg7 33. Ng5 Qe7 34. Bg4 Bf6 35. h4 Bxg5 36. hxg5 Qe4+ 37. Bf3 Qe5 38. Qf4 Qxf4 39. gxf4 f5 40. Kf1 Ba6 41. Be2 Bc8 42. Ke1 Bd7 43. Kd2 Kf7 44. Kc3 Ke7 45. Bd1 Kd8 46. Bc2 Kc7 47. Kb2 Kb6 48. Ka3 Ka5 49. Bb3 Bc8 50. Ba4 Ba6 51. Be8 Bxc4 52. Bxg6 Bxd5 53. Bxf5 Bg8 54. g6 Kb6 55. Bg4 Kc7 56. f5 Kd8 57. f6 Bd5 58. f4 Ke8 59. Bh5 Kf8 60. Kb2 Be6 61. Kc3 d5 62. g7+ Kg8 63. Bg6 d4+ 64. Kd3 Bb3 65. Be8 Ba2 66. Bb5 Bb1+ 67. Kc4 d3 68. Kxc5 Ba2 69. Bxd3 Bf7 70. Bc4 Bxc4 71. Kxc4 Kf7 72. Kd5 Kg8 73. Ke6 Kh7 74. Kf7 Kh6 75. g8=Q Kh5 76. Qg5# 1-0


[Site "https://www.chess.com"]

[Event "Titled Tuesday Blitz May 16 Late 2023"]
[White "Moore, Nicholas"]
[Black "Rottenwohrer Suarez, Juan"]
[WhiteFideId "4303709"]
[BlackFideId "32068182"]
[WhiteElo "2568"]
[BlackElo "2174"]
[Result "1-0"]
[Round "09"]
[TimeControl "180+2"]
[Date "2023.05.16"]
[WhiteClock "0:01:08"]
[BlackClock "0:00:01"]

1. d4 Nf6 2. c4 g6 3. Nf3 Bg7 4. Nc3 d6 5. e4 O-O 6. Be2 e5 7. O-O Nc6 8. d5 Ne7 9. b4 a5 10. Ba3 axb4 11. Bxb4 b6 12. a4 Ne8 13. Nb5 f5 14. Nd2 Bd7 15. a5 bxa5 16. Bxa5 fxe4 17. Nxe4 Rxa5 18. Rxa5 c6 19. dxc6 Bxc6 20. Ra6 Bxe4 21. Nxd6 Nxd6 22. Rxd6 Qa8 23. Rd7 Nf5 24. Qa1 Bxg2 25. Qxa8 Bxa8 26. Ra1 Nd4 27. Bd1 Bc6 28. Rc7 h5 29. Raa7 Bh6 30. c5 Rb8 31. Ra1 Bf8 32. Rc1 Rb5 33. Ba4 Rxc5 34. Rxc5 Bxc5 35. Bxc6 Nxc6 36. Rxc6 Bd4 37. Rxg6+ Kh7 38. Ra6 Kg7 39. Kg2 Kh7 40. f3 Kg7 41. Kg3 Kh7 42. Kh4 1-0


[Site "https://www.chess.com"]

[Event "Titled Tuesday Blitz May 16 Late 2023"]
[White "Karttunen, Mika"]
[Black "Womacka, Mathias"]
[WhiteFideId "502081"]
[BlackFideId "4611390"]
[WhiteElo "2396"]
[BlackElo "2377"]
[Result "0-1"]
[Round "09"]
[TimeControl "180+2"]
[Date "2023.05.16"]
[WhiteClock "0:00:01"]
[BlackClock "0:00:09"]

1. c4 c5 2. Nf3 Nf6 3. Nc3 e6 4. d4 cxd4 5. Nxd4 Bb4 6. Qd3 Nc6 7. Nxc6 dxc6 8. Qxd8+ Kxd8 9. Bf4 Ke7 10. a3 Bd6 11. Bxd6+ Kxd6 12. O-O-O+ Ke7 13. f4 e5 14. e3 Be6 15. h3 Rhd8 16. Be2 exf4 17. exf4 h5 18. Rhf1 Bf5 19. Rde1 Kf8 20. Bf3 h4 21. Re5 g6 22. Rfe1 Rd4 23. b3 Rxf4 24. Rd1 Bxh3 25. Rh1 Be6 26. Ne2 Rf5 27. Re3 Rd8 28. Rxh4 g5 29. Rh8+ Ke7 30. Rxd8 Kxd8 31. Nd4 Rf4 32. Rxe6 fxe6 33. Nxe6+ Ke7 34. Nxf4 gxf4 35. Kd2 Kd6 36. Kd3 Ke5 37. b4 Ne8 38. b5 cxb5 39. cxb5 b6 40. a4 Nd6 41. Bc6 Nf5 42. Bf3 Nd4 43. Bb7 Ne6 44. Kc4 Nc5 45. Bf3 Nxa4 46. Bc6 Nc5 47. Bf3 Ne6 48. Bb7 Nd4 49. Ba8 Nf5 50. Bc6 Ne3+ 51. Kd3 Kd6 52. Kd4 a5 53. Ke4 Nxg2 54. Kf3 Ne3 55. Kxf4 Nc4 56. Ke4 Kc5 57. Kd3 Nd6 58. Kc2 Nxb5 59. Be8 Nd6 60. Bd7 b5 61. Kb2 Nc4+ 62. Kb3 Nb6 63. Be8 a4+ 64. Ka2 Kb4 65. Bc6 Ka5 66. Kb1 Nc4 67. Kc2 b4 68. Kd3 Nd6 69. Kd4 a3 70. Bd5 Ka4 71. Bc6+ Nb5+ 72. Kc4 a2 73. Bxb5+ Ka3 74. Kc5 a1=Q 0-1


[Site "https://www.chess.com"]

[Event "Titled Tuesday Blitz May 16 Late 2023"]
[White "Potapova, Margarita"]
[Black "Toniutti, Ezio"]
[WhiteFideId "14126869"]
[BlackFideId "113034"]
[WhiteElo "2244"]
[BlackElo "2215"]
[Result "1-0"]
[Round "09"]
[TimeControl "180+2"]
[Date "2023.05.16"]
[WhiteClock "0:00:56"]
[BlackClock "0:00:11"]

1. Nf3 d5 2. d4 c6 3. c4 Nf6 4. e3 Bf5 5. Nc3 e6 6. Nh4 Be4 7. f3 Bg6 8. Qb3 Qc7 9. Nxg6 hxg6 10. Bd2 Be7 11. O-O-O a5 12. Kb1 dxc4 13. Bxc4 b5 14. Bd3 Nbd7 15. Qc2 Rc8 16. Rc1 Qb7 17. Nxb5 O-O 18. Nc3 c5 19. Qb3 Qa8 20. Ne4 a4 21. Qa3 c4 22. Qxe7 cxd3 23. Nd6 Rb8 24. e4 Qa7 25. Bc3 a3 26. b3 Qa6 27. Ka1 Nb6 28. Rhd1 Nc8 29. Nxc8 Rbxc8 30. Qb4 Rc7 31. Qxf8+ Kxf8 32. Bb4+ Kg8 33. Rxc7 Nh5 34. Rc4 Nf4 35. g3 Ne2 36. Rxd3 Qb7 37. Rd2 Ng1 38. Rf2 Nh3 39. Rf1 f5 40. Re1 fxe4 41. fxe4 Ng5 42. d5 exd5 43. exd5 Qxd5 44. Re8+ Kh7 45. Rh4# 1-0


[Site "https://www.chess.com"]

[Event "Titled Tuesday Blitz May 16 Late 2023"]
[White "Yeritsyan, Hayk"]
[Black "Bruedigam, Martin"]
[WhiteFideId "13307320"]
[BlackFideId "24608033"]
[WhiteElo "2447"]
[BlackElo "2331"]
[Result "0-1"]
[Round "09"]
[TimeControl "180+2"]
[Date "2023.05.16"]
[WhiteClock "0:00:17"]
[BlackClock "0:01:25"]

1. d4 Nf6 2. Nf3 e6 3. e3 c5 4. Bd3 b6 5. c3 Bb7 6. Nbd2 d6 7. Qe2 Be7 8. O-O Nbd7 9. Re1 O-O 10. e4 e5 11. dxe5 Nxe5 12. Nxe5 dxe5 13. Nc4 Qc7 14. Bg5 b5 15. Ne3 c4 16. Bc2 h6 17. Bxf6 Bxf6 18. Rad1 Rad8 19. Nd5 Qc6 20. Qf3 Rfe8 21. a3 a6 22. Rd2 Bg5 23. Rdd1 g6 24. g3 Rd6 25. h4 Bd8 26. h5 g5 27. Ne3 Bc8 28. Rxd6 Qxd6 29. Rd1 Qc6 30. Nf5 Bxf5 31. Qxf5 Bb6 32. Kg2 Re6 33. Rd5 Rf6 34. Rxe5 Rxf5 35. Rxf5 Qd7 36. Rd5 Qg4 37. Bd1 Qxe4+ 38. Bf3 Qc2 39. Rd6 Qxf2+ 40. Kh3 Bc7 41. Rf6 Qxg3# 0-1


[Site "https://www.chess.com"]